 Dungeon Crawl Stone Soup version 0.28-a0-1348-g050f3537b9 (webtiles) character file.

Game seed: 4935060634759189115

11 Ridori the Ruffian (level 2, -2/29 HPs)
             Began as a Troll Berserker on Dec 30, 2021.
             Was a Follower of Vehumet.
             Slain by a polar bear (25 damage)
             ... created by the rage of Trog
             ... on level 1 of the Dungeon.
             The game lasted 00:10:15 (572 turns).

Ridori the Ruffian (Troll Berserker)                 Turns: 572, Time: 00:10:23

Health: -2/29      AC:  4    Str: 24    XL:     2   Next: 17%
Magic:  1/1        EV: 10    Int:  3    God:    Vehumet [*.....]
Gold:   27         SH:  0    Dex:  9    Spells: 1/1 levels left

rFire   . . .      SeeInvis .     - Unarmed
rCold   . . .      Faith    .   (no shield)
rNeg    . . .      Spirit   .   a - +0 animal skin
rPois   .          Reflect  .   (helmet restricted)
rElec   .          Harm     .   (no cloak)
rCorr   .          Rampage  .   (gloves unavailable)
Will    .....                   (boots unavailable)
Stlth   +.........              (no amulet)
HPRegen 0.89/turn               (no ring)
MPRegen 0.07/turn               (no ring)

@: no status effects
A: large, unfitting armour, claws 3, regeneration 1, shaggy fur 1, tough skin 1
a: Renounce Religion


You were on level 1 of the Dungeon.
You worshipped Vehumet.
Vehumet was aware of your devotion.
You visited 1 branch of the dungeon, and saw 1 of its levels.

You collected 27 gold pieces.

Inventory:

Hand Weapons
 d - a +0 short sword
 f - a +0 falchion
Armour
 a - a +0 animal skin (worn)
 b - a +0 ring mail
Scrolls
 c - a scroll of blinking {unknown}
Potions
 e - a potion of might {unknown}


   Skills:
 + Level 2.5 Fighting
 + Level 2.7 Dodging
 + Level 3.2 Unarmed Combat


You had one spell level left.
You didn't know any spells.
Your spell library was empty.

Dungeon Overview and Level Annotations

Branches:
Dungeon (1/15)

Altars:
Vehumet


Innate Abilities, Weirdness & Mutations

You are too large for most types of armour.
You have claws for hands.
Your natural rate of healing is unusually fast.
You are covered in fur. (AC +1)
You have tough skin. (AC +1)


Message History

The ball python hisses angrily.
The ball python misses you.
You barely miss the ball python. The ball python barely misses you.
You scratch the ball python.
The ball python is heavily wounded.
The ball python bites you but does no damage.
You claw the ball python!
You kill the ball python!
Vehumet accepts your kill.
You have reached level 2!
Unknown command.
Unknown command.
Unknown command.
You now have 27 gold pieces (gained 10).
A ball python comes into view.
The ball python hisses angrily.
You scratch the ball python.
The ball python is severely wounded.
The ball python barely misses you.
You claw the ball python!
You kill the ball python!
Vehumet accepts your kill.
A giant cockroach comes into view.
The giant cockroach closely misses you. x2
You claw the giant cockroach!
You kill the giant cockroach!
Vehumet accepts your kill.
No target in view!
No target in view!
Trog sends monsters to punish you. 2 polar bears and a black bear come into view.
You claw the black bear!
The black bear is moderately wounded.
You closely miss the black bear.
The black bear is moderately wounded.
The black bear closely misses you. The black bear claws you.
The black bear claws you but does no damage.
The polar bear bites you!!
Ouch! That really hurt!
You die...

...... ...### ......
...### ...# #### #####
.h.# #h### .# #@h.##.# ##
###.##.# ... #...##.# #.#
###.####.# ...
#.....##.####### ##
#.#########.###.##........
.#
#.....#...#...#...........
.#####.#.#.# #
#.####........
...#...#...#
#...##........


You could see 2 polar bears and a black bear (berserk).

Vanquished Creatures
  A bat (D:1)
  2 giant cockroaches (D:1)
  2 hobgoblins (D:1)
  4 ball pythons (D:1)
  A kobold (D:1)
10 creatures vanquished.

Notes
Turn   | Place    | Note
-------+----------+-------------------------------------------
     0 | D:1      | Ridori the Troll Berserker began the quest for the Orb.
     0 | D:1      | Reached XP level 1. HP: 22/22 MP: 0/0
   389 | D:1      | Found a faded altar of an unknown god.
   396 | D:1      | Prayed at the altar of an unknown god.
   396 | D:1      | Fell from the grace of Trog
   396 | D:1      | Became a worshipper of Vehumet
   396 | D:1      | Reached * piety under Vehumet
   396 | D:1      | Offered knowledge of Shock by Vehumet.
   463 | D:1      | Reached XP level 2. HP: 29/29 MP: 1/1
   571 | D:1      | Noticed a polar bear
   571 | D:1      | Noticed a black bear
   571 | D:1      | Noticed a polar bear
   572 | D:1      | Slain by a polar bear

Illustrated notes

Levels and vault maps discovered:
D:1:      elethiomel_arrival_maze, layout_basic,
          dreamdust_ecumenical_altar_angels_and_demons,
          chequers_serial_rivers_micro_d

Action                   || total
-------------------------++-------
Melee: Unarmed           ||    21
Armor: Animal skin       ||     5
Dodge: Dodged            ||    10

Table legend: (Time is in decaauts)
 A = Elapsed time spent in this place.
 B = Non-inter-level travel time spent in this place.
 C = Inter-level travel time spent in this place.
 D = Time resting spent in this place.
 E = Time spent auto-exploring this place.
 F = Levels seen in this place.
 G = Mean time per level.
                   A        B        C        D        E       F      G
               +--------+--------+--------+--------+--------+-----+--------+
         Total |    570 |    570 |      0 |      0 |     53 |   1 |  570.0 |
       Dungeon |    570 |    570 |      0 |      0 |     53 |   1 |  570.0 |
               +--------+--------+--------+--------+--------+-----+--------+

Top non-repeatable levels by time:
     D:1: 570 daAuts
